 Dungeon Crawl Stone Soup version 0.27-a0-978-g2aa4ecdaef (webtiles) character file.

Game seed: 15253325735051457389

69 leviel the Skirmisher (level 4, -1/41 HPs)
             Began as a Minotaur Fighter on Apr 14, 2021.
             Slain by a sky beast (5 damage)
             ... on level 3 of the Dungeon.
             The game lasted 00:02:18 (1572 turns).

leviel the Skirmisher (Minotaur Fighter)            Turns: 1572, Time: 00:02:18

Health: -1/41      AC:  6    Str: 21    XL:     4   Next: 2%
Magic:  3/3        EV:  7    Int:  5    God:
Gold:   33         SH:  9    Dex: 10    Spells: 3/3 levels left

rFire    . . .     SeeInvis .   a - +0 war axe
rCold    . . .     Faith    .   c - +0 kite shield
rNeg     + . .     Spirit   .   b - +0 scale mail
rPois    .         Reflect  .   (helmet restricted)
rElec    .         Harm     .   (no cloak)
rCorr    .         Rampage  .   (no gloves)
Will     .....                  (no boots)
Stlth    ..........             (no amulet)
HPRegen  0.13/turn              g - ring of positive energy
MPRegen  0.08/turn              (no ring)

@: no status effects
A: horns 2, retaliatory headbutt
a: no special abilities


You were on level 3 of the Dungeon.
You visited 1 branch of the dungeon, and saw 3 of its levels.

You collected 69 gold pieces.
You spent 36 gold pieces at shops.

Inventory:

Hand Weapons
 a - a +0 war axe (weapon)
Armour
 b - a +0 scale mail (worn)
 c - a +0 kite shield (worn)
Jewellery
 g - a ring of positive energy (left hand)
Scrolls
 e - 3 scrolls of identify {unknown}
 f - a scroll of blinking {unknown}
 h - 2 scrolls of fear {unknown}
 i - a scroll of noise {unknown}
 k - a scroll of teleportation {unknown}
 m - a scroll of enchant armour {unknown}
 p - a scroll of vulnerability {unknown}
Potions
 d - a potion of might
 j - a potion of berserk rage {unknown}
 l - 2 potions of curing
 n - a potion of brilliance {unknown}
 o - a potion of degeneration {unknown}


   Skills:
 - Level 4.5 Fighting
 * Level 4.5 Axes
 - Level 3.6 Armour
 - Level 3.6 Shields


You had 3 spell levels left.
You didn't know any spells.
Your spell library was empty.

Dungeon Overview and Level Annotations

Branches:
Dungeon (3/15)

Altars:

Shops:
D:2 !


Innate Abilities, Weirdness & Mutations

You have a pair of horns on your head.
You reflexively headbutt those who attack you in melee.


Message History

You kill the adder!
You have reached level 4!
You feel agile.
You closely miss the sky beast. You block the sky beast's attack.
The sky beast hits you. The sky beast shocks you.
You slash the sky beast! Your headbutt misses the sky beast.
The sky beast is moderately wounded.
The sky beast hits you but does no damage.
You closely miss the sky beast. Your headbutt misses the sky beast.
The sky beast is moderately wounded.
You block the sky beast's attack.
The sky beast flickers out of sight!
Deactivating autopickup; reactivate with Ctrl-A.
Something hits you but does no damage.
You closely miss something. Something hits you. Something shocks you.
You block something's attack.
You miss something. You headbutt something!
A sky beast appears from thin air!
Reactivating autopickup.
The sky beast hits you but does no damage.
You hit the sky beast. Your headbutt misses the sky beast.
The sky beast is severely wounded.
The sky beast hits you but does no damage. x2
You barely miss the sky beast. Your headbutt misses the sky beast.
The sky beast is severely wounded.
The sky beast flickers out of sight!
Deactivating autopickup; reactivate with Ctrl-A.
Something hits you but does no damage.
You miss something. Something hits you. Something shocks you.
You miss something. Something hits you. Something shocks you.
Something hits you.
* * * LOW HITPOINT WARNING * * *
Something shocks you.
* * * LOW HITPOINT WARNING * * *
You barely miss something. Your headbutt misses something.
You block something's attack.
You miss something.
A sky beast appears from thin air!
Reactivating autopickup.
The sky beast hits you.
* * * LOW HITPOINT WARNING * * *
The sky beast shocks you.
You die...

#.#.
##.#########....###......
# #.##...######
##.#..#.#..###
#...........# #.#.......#
# ####...####.#
#.#.#####.# # ##.## #.#
#.#.# .# #
#.#####.####.#.# .# #
#.........<..#.# .# #
#######.######.# #@# #.#
#Y# #.# ###>### #.# #..
....... #.# ####### #.#
..# ### . #. #


You could see a sky beast.

Vanquished Creatures
  4 adders
  A worm (D:2)
  4 endoplasms
  A giant cockroach (D:2)
  3 goblins
  2 kobolds (D:1)
  2 quokkas
  5 ball pythons
  2 bats
  4 frilled lizards (D:1)
  4 rats
  3 bushes (D:2)
35 creatures vanquished.

Vanquished Creatures (others)
  5 plants (D:2)
5 creatures vanquished.

Grand Total: 40 creatures vanquished

Notes
Turn   | Place    | Note
-------+----------+-------------------------------------------
     0 | D:1      | leviel the Minotaur Fighter began the quest for the Orb.
     0 | D:1      | Reached XP level 1. HP: 19/19 MP: 0/0
    55 | D:1      | Reached XP level 2. HP: 27/27 MP: 1/1
   781 | D:2      | Reached XP level 3. HP: 29/34 MP: 2/2
  1055 | D:2      | Found Ubrif's Distillery.
  1060 | D:2      | Bought a potion of curing for 36 gold pieces
  1556 | D:3      | Noticed a sky beast
  1562 | D:3      | Reached XP level 4. HP: 38/41 MP: 3/3
  1572 | D:3      | Slain by a sky beast

Illustrated notes

Levels and vault maps discovered:
D:1:      roderic_chinese_lattice_arrival, layout_rooms, serial_bayou_crossing
D:2:      layout_loops_ring, serial_shops,
          nicolae_shop_competitors_out_of_business, serial_forest,
          infiniplex_forest_clump_medium, infiniplex_forest_clump_cross,
          infiniplex_forest_lined_1, infiniplex_forest_lined_4_way,
          infiniplex_forest_end_3, infiniplex_forest_zigzag_1,
          infiniplex_forest_zigzag_1, infiniplex_forest_end_3,
          minmay_pentomino_w2
D:3:      layout_loops_ring, minitemple, chequers_serial_rivers_large_a

Skill      XL: |  1  2  3 |
---------------+----------+-----
Fighting       | 4 |  4.5
Axes           | 3 4 |  4.5
Armour         | |  3.6
Shields        | |  3.6

Action                   |  1- 3 |  4- 6 || total
-------------------------+-------+-------++-------
Melee: War axe           |   167 |    11 ||   178
       Headbutt          |    51 |     1 ||    52
Armor: Scale mail        |    19 |     6 ||    25
Dodge: Dodged            |    14 |       ||    14
Block: Kite shield       |    29 |     4 ||    33

Table legend: (Time is in decaauts)
 A = Elapsed time spent in this place.
 B = Non-inter-level travel time spent in this place.
 C = Inter-level travel time spent in this place.
 D = Time resting spent in this place.
 E = Time spent auto-exploring this place.
 F = Levels seen in this place.
 G = Mean time per level.
                   A        B        C        D        E       F      G
               +--------+--------+--------+--------+--------+-----+--------+
         Total |   1676 |   1640 |     36 |      0 |   1278 |   3 |  558.7 |
       Dungeon |   1676 |   1640 |     36 |      0 |   1278 |   3 |  558.7 |
               +--------+--------+--------+--------+--------+-----+--------+

Top non-repeatable levels by time:
     D:2: 1093 daAuts
     D:1: 423 daAuts
     D:3: 159 daAuts
